 Dungeon Crawl Stone Soup version 0.28-a0-397-g1a7b1a870f (webtiles) character file.

Game seed: 14522604424371867045

4625 Gargoyl the Fighter (level 10, -7/82 HPs)
             Began as a Gnoll Abyssal Knight on Sept 4, 2021.
             Was an Elder of Lugonu.
             Mangled by a sixfirhy (12 damage)
             ... on level 8 of the Dungeon.
             The game lasted 00:10:25 (8482 turns).

Gargoyl the Fighter (Gnoll Abyssal Knight)          Turns: 8482, Time: 00:10:26

Health: -7/82      AC: 22    Str: 16    XL:     10   Next: 42%
Magic:  17/17      EV: 11    Int: 11    God:    Lugonu [****..]
Gold:   670        SH:  0    Dex: 13    Spells: 19/19 levels left

rFire   + . .      SeeInvis .   d - +5 scimitar "Jobraw" {protect, Dex+2}
rCold   . . .      Faith    .   (no shield)
rNeg    . . .      Spirit   .   m - +2 scale mail {rF+}
rPois   .          Reflect  .   (no helmet)
rElec   .          Harm     .   e - +0 cloak
rCorr   .          Rampage  .   (no gloves)
Will    .....                   (no boots)
Stlth   ++........              (no amulet)
HPRegen 0.23/turn               t - +4 ring of slaying
MPRegen 0.15/turn               j - +4 ring of protection

@: under a protective aura
A: fangs 1, strong nose, distributed training
a: Renounce Religion, Depart the Abyss, Bend Space, Banish, Corrupt


You were on level 8 of the Dungeon.
You worshipped Lugonu.
Lugonu was greatly pleased with you.
You visited 1 branch of the dungeon, and saw 8 of its levels.
You visited the Abyss 1 time.

You collected 670 gold pieces.

Inventory:

Hand Weapons
 a - a +1 vorpal hand axe
 d - the +5 scimitar "Jobraw" (weapon) {protect, Dex+2}
   (You acquired it on level 2 of the Dungeon)

   It grants its wielder temporary protection when it strikes (+7 to AC).
   Dex:       It affects your dexterity (+2).
 v - a +3 falchion of freezing
Missiles
 c - 2 curare-tipped darts (quivered)
 z - 21 poisoned darts
Armour
 e - a +0 cloak (worn)
 m - a +2 scale mail of fire resistance (worn)
Jewellery
 j - a +4 ring of protection (right hand)
 s - a ring of see invisible
 t - a +4 ring of slaying (left hand)
 B - a ring of wizardry
Wands
 b - a wand of iceblast (17)
 l - a wand of digging (7)
 n - a wand of charming (11)
 p - a wand of polymorph (12)
 x - a wand of paralysis (12)
 y - a wand of acid (6)
 A - a wand of mindburst (23)
Scrolls
 g - 4 scrolls of identify
 o - 2 scrolls of teleportation
 u - a scroll of fear
Potions
 f - a potion of curing
 h - 4 potions of haste
 i - 4 potions of lignification
 k - 4 potions of heal wounds
 q - a potion of flight
 r - a potion of cancellation {unknown}
 w - a potion of attraction {unknown}


   Skills:
 + Level 8.5 Fighting
 + Level 5.2 Short Blades
 + Level 5.2 Long Blades
 + Level 7.1 Axes
 + Level 5.2 Maces & Flails
 + Level 5.2 Polearms
 + Level 5.2 Staves
 + Level 5.2 Slings
 + Level 5.2 Bows
 + Level 5.2 Crossbows
 + Level 5.2 Throwing
 + Level 7.1 Armour
 + Level 5.9 Dodging
 + Level 5.2 Stealth
 + Level 5.2 Shields
 + Level 5.2 Unarmed Combat
 + Level 5.2 Spellcasting
 + Level 4.3 Conjurations
 + Level 4.3 Hexes
 + Level 4.3 Summonings
 + Level 4.3 Necromancy
 + Level 4.3 Translocations
 + Level 4.3 Transmutations
 + Level 4.3 Fire Magic
 + Level 4.3 Ice Magic
 + Level 4.3 Air Magic
 + Level 4.3 Earth Magic
 + Level 4.3 Poison Magic
 + Level 7.5 Invocations
 + Level 5.2 Evocations


You had 19 spell levels left.
You didn't know any spells.
Your spell library contained the following spells:

 Spells                   Type           Power      Damage    Failure   Level
 Magic Dart               Conj           48%        1d5       11%         1
 Summon Small Mammal      Summ           48%        N/A       11%         1
 Searing Ray              Conj           24%        3d4       16%         2
 Call Canine Familiar     Summ           12%        N/A       32%         3
 Ozocubu's Armour         Ice            12%        N/A       32%         3
 Summon Guardian Golem    Hex/Summ       12%        N/A       32%         3
 Airstrike                Air            6%         N/A       71%         4
 Fulminant Prism          Conj/Hex       6%         3d7       71%         4
 Summon Lightning Spire   Summ/Air       12%        N/A       71%         4
 Lightning Bolt           Conj/Air       6%         1d18      96%         5
 Metabolic Englaciation   Hex/Ice        6%         N/A       96%         5
 Summon Forest            Summ/Tloc      6%         N/A       96%         5
 Eringya's Noxious Bog    Tmut/Pois      6%         N/A       100%        6
 Simulacrum               Ice/Necr       6%         N/A       100%        6
 Summon Hydra             Summ           6%         N/A       100%        7


Dungeon Overview and Level Annotations

Branches:
Dungeon (8/15)             Temple (0/1) D:5
   Lair: D:8-11

Altars:

Shops:
D:8 (


Innate Abilities, Weirdness & Mutations

You have very sharp teeth.
Your uncanny sense of smell can sniff out nearby items.
Your experience applies equally to all skills.


Message History

You throw a curare-tipped dart.
The curare-tipped dart closely misses the sixfirhy.
The sixfirhy hits you. The sixfirhy shocks you!
You miss the sixfirhy. The sixfirhy misses you.
The sixfirhy hits you but does no damage.
The sixfirhy closely misses you. x2
You slash the sixfirhy!
Your weapon exudes an aura of protection.
Your bite misses the sixfirhy.
The sixfirhy is lightly wounded.
The sixfirhy hits you but does no damage. x2
You miss the sixfirhy.
The sixfirhy is lightly wounded.
You hit the sixfirhy.
The sixfirhy is lightly wounded.
The sixfirhy barely misses you. x2
You miss the sixfirhy.
The sixfirhy is lightly wounded.
The sixfirhy barely misses you.
The sixfirhy hits you but does no damage.
The sixfirhy hits you. The sixfirhy shocks you! The sixfirhy barely misses you.
The sixfirhy hits you but does no damage.
You closely miss the sixfirhy.
The sixfirhy is lightly wounded.
The sixfirhy hits you but does no damage.
You miss the sixfirhy. You miss the sixfirhy. The sixfirhy hits you!
The sixfirhy shocks you! The sixfirhy hits you!
* * * LOW HITPOINT WARNING * * *
The sixfirhy shocks you!
* * * LOW HITPOINT WARNING * * *
The sixfirhy closely misses you.
You slash the sixfirhy!
Your weapon exudes an aura of protection.
The sixfirhy is moderately wounded.
The sixfirhy hits you but does no damage.
The sixfirhy hits you!
* * * LOW HITPOINT WARNING * * *
The sixfirhy shocks you!
You die...

.............##..........###'###
###....###..###...........#..#
#............##.##...........#
.................##..........#
##...#...........##....(..####
###.##.........#...........#
....##........##.....#.....#
....#............##..#....###
....##.......###@##..#......#
........##...#(3.....#....###
.............###.........##
.#..##...................#
.#..#...........).......##
#.......................#
#..#..#......#........###
#.#...#....#####.......#
#.##..###..# ##......###


You could see a sixfirhy.

Vanquished Creatures
  6 yaks
  Edmund (D:6)
  3 sky beasts
  2 black bears
  A necrophage (D:4)
  3 ogres
  4 centaurs
  A phantom (D:6)
  2 bullfrogs
  A wyvern zombie (D:7)
  A scorpion (D:4)
  2 water moccasin skeletons
  4 killer bees
  7 wights
  A howler monkey (D:6)
  A centaur zombie (D:7)
  4 jellies
  4 hounds
  A bullfrog skeleton (D:6)
  A centaur skeleton (D:6)
  Terence (D:2)
  8 orc wizards
  3 hound skeletons
  12 adders
  2 river rats (D:6)
  2 shadow imps
  2 white imps
  An ufetubus (D:5)
  An adder skeleton (D:4)
  5 worms
  4 dart slugs
  21 orcs
  2 bats
  5 endoplasms
  A giant cockroach (D:2)
  6 hobgoblins
  8 quokkas
  7 ball pythons
  18 frilled lizards
  10 goblins
  4 kobolds
  5 rats
178 creatures vanquished.

Vanquished Creatures (others)
  A phantom (D:5)
  8 plants (D:1)
9 creatures vanquished.

Grand Total: 187 creatures vanquished

Notes
Turn   | Place    | Note
-------+----------+-------------------------------------------
     0 | Abyss:1  | Gargoyl the Gnoll Abyssal Knight began the quest for the
                  | Orb.
     0 | Abyss:1  | Reached XP level 1. HP: 23/23 MP: 3/3
    34 | Abyss:1  | Found a corrupted altar of Lugonu.
    68 | Abyss:1  | Noticed a wraith
    84 | Abyss:2  | Noticed a large abomination
   114 | Abyss:2  | Noticed an iron imp
   199 | Abyss:3  | Noticed an apocalypse crab
   209 | D:1      | Escaped the Abyss
   596 | D:1      | Reached * piety under Lugonu
   598 | D:1      | Reached XP level 2. HP: 29/29 MP: 5/5
   687 | D:1      | Found a faded altar of an unknown god.
   902 | D:1      | Reached XP level 3. HP: 25/35 MP: 6/6
  1665 | D:2      | Identified a scroll of acquirement
  1665 | D:2      | Acquired the +5 scimitar "Jobraw" {protect, Dex+2}
  1691 | D:2      | Reached ** piety under Lugonu
  1823 | D:2      | You fall into a shaft and drop 2 floors!
  1823 | D:4      | Noticed a black bear
  1833 | D:5      | Entered Level 5 of the Dungeon
  1839 | D:5      | Reached skill level 1 in Short Blades
  1839 | D:5      | Reached skill level 1 in Long Blades
  1839 | D:5      | Reached skill level 1 in Maces & Flails
  1839 | D:5      | Reached skill level 1 in Polearms
  1839 | D:5      | Reached skill level 1 in Staves
  1839 | D:5      | Reached skill level 1 in Slings
  1839 | D:5      | Reached skill level 1 in Bows
  1839 | D:5      | Reached skill level 1 in Crossbows
  1839 | D:5      | Reached skill level 1 in Throwing
  1839 | D:5      | Reached skill level 1 in Stealth
  1839 | D:5      | Reached skill level 1 in Shields
  1839 | D:5      | Reached skill level 1 in Unarmed Combat
  1839 | D:5      | Reached skill level 1 in Spellcasting
  1839 | D:5      | Reached skill level 1 in Evocations
  2013 | D:5      | Noticed a phantom
  2022 | D:5      | Noticed a centaur
  2032 | D:5      | Killed a phantom
  2033 | D:5      | Reached skill level 1 in Conjurations
  2033 | D:5      | Reached skill level 1 in Hexes
  2033 | D:5      | Reached skill level 1 in Summonings
  2033 | D:5      | Reached skill level 1 in Necromancy
  2033 | D:5      | Reached skill level 1 in Translocations
  2033 | D:5      | Reached skill level 1 in Transmutations
  2033 | D:5      | Reached skill level 1 in Fire Magic
  2033 | D:5      | Reached skill level 1 in Ice Magic
  2033 | D:5      | Reached skill level 1 in Air Magic
  2033 | D:5      | Reached skill level 1 in Earth Magic
  2033 | D:5      | Reached skill level 1 in Poison Magic
  2033 | D:5      | Reached XP level 4. HP: 19/41 MP: 7/7
  2039 | D:5      | Killed a centaur
  2040 | D:5      | Reached XP level 5. HP: 11/47 MP: 8/8
  2171 | D:5      | Reached skill level 5 in Invocations
  2171 | D:5      | Reached XP level 6. HP: 31/53 MP: 9/9
  2421 | D:5      | Found a staircase to the Ecumenical Temple.
  2430 | D:5      | Reached skill level 5 in Axes
  2430 | D:5      | Reached skill level 5 in Armour
  3287 | D:2      | Noticed Terence
  3290 | D:2      | Killed Terence
  3465 | D:3      | Reached XP level 7. HP: 57/59 MP: 10/10
  3559 | D:3      | Reached *** piety under Lugonu
  3737 | D:3      | Reached skill level 7 in Fighting
  4282 | D:4      | Reached XP level 8. HP: 67/67 MP: 12/12
  5368 | D:6      | Reached **** piety under Lugonu
  5544 | D:6      | Noticed a six-headed hydra
  5549 | D:6      | Banished a six-headed hydra
  5550 | D:6      | Reached skill level 5 in Dodging
  5550 | D:6      | Reached XP level 9. HP: 63/74 MP: 1/15
  5809 | D:6      | Noticed Edmund
  5817 | D:6      | Killed Edmund
  5818 | D:6      | Reached skill level 8 in Fighting
  7249 | D:8      | Found a runed translucent door.
  7249 | D:8      | Noticed a sixfirhy
  7257 | D:8      | Reached XP level 10. HP: 80/80 MP: 17/17
  7603 | D:7      | Reached skill level 5 in Short Blades
  7603 | D:7      | Reached skill level 5 in Long Blades
  7603 | D:7      | Reached skill level 5 in Maces & Flails
  7603 | D:7      | Reached skill level 5 in Polearms
  7603 | D:7      | Reached skill level 5 in Staves
  7603 | D:7      | Reached skill level 5 in Slings
  7603 | D:7      | Reached skill level 5 in Bows
  7603 | D:7      | Reached skill level 5 in Crossbows
  7603 | D:7      | Reached skill level 5 in Throwing
  7603 | D:7      | Reached skill level 5 in Stealth
  7603 | D:7      | Reached skill level 5 in Shields
  7603 | D:7      | Reached skill level 5 in Unarmed Combat
  7603 | D:7      | Reached skill level 5 in Spellcasting
  7603 | D:7      | Reached skill level 5 in Evocations
  8325 | D:8      | Found Biex's Weapon Shoppe.
  8482 | D:8      | Mangled by a sixfirhy

Illustrated notes

Levels and vault maps discovered:
D:1:      grunt_arrival_crossed_arrows, layout_loops_corners,
          hellmonk_ecumenical_altar_heavens_door, minmay_lizard_king
D:2:      cheibrodos_greedy_goblins, layout_loops_ring, uniq_terence
D:3:      layout_rooms
D:4:      layout_rooms
D:5:      layout_cave_pools, minmay_temple_entry_offerings,
          nrook_mini_backslash, minmay_misc_feat_alley
D:6:      layout_gridville, portal_sewer_entry_a, uniq_edmund
D:7:      layout_basic
D:8:      cheibrodos_shockbox, layout_cave_pools, serial_shops,
          nicolae_shop_behind_doors

Skill      XL: |  1  2  3  4  5  6  7  8  9 10 |
---------------+-------------------------------+-----
Short Blades   | 1 2 4 5 |  5.2
Long Blades    | 1 2 4 5 |  5.2
Maces & Flails | 1 2 4 5 |  5.2
Polearms       | 1 2 4 5 |  5.2
Staves         | 1 2 4 5 |  5.2
Slings         | 1 2 4 5 |  5.2
Bows           | 1 2 4 5 |  5.2
Crossbows      | 1 2 4 5 |  5.2
Throwing       | 1 2 4 5 |  5.2
Stealth        | 1 2 4 5 |  5.2
Shields        | 1 2 4 5 |  5.2
Unarmed Combat | 1 2 4 5 |  5.2
Spellcasting   | 1 2 4 5 |  5.2
Evocations     | 1 2 4 5 |  5.2
Conjurations   | 1 2 3 4 |  4.3
Hexes          | 1 2 3 4 |  4.3
Summonings     | 1 2 3 4 |  4.3
Necromancy     | 1 2 3 4 |  4.3
Translocations | 1 2 3 4 |  4.3
Transmutations | 1 2 3 4 |  4.3
Fire Magic     | 1 2 3 4 |  4.3
Ice Magic      | 1 2 3 4 |  4.3
Air Magic      | 1 2 3 4 |  4.3
Earth Magic    | 1 2 3 4 |  4.3
Poison Magic   | 1 2 3 4 |  4.3
Dodging        | 3 5 |  5.9
Invocations    | 5 6 7 |  7.5
Axes           | 5 6 7 |  7.1
Armour         | 5 6 7 |  7.1
Fighting       | 7 8 |  8.5

Action                   |  1- 3 |  4- 6 |  7- 9 | 10-12 || total
-------------------------+-------+-------+-------+-------++-------
Melee: Hand axe          |    83 |       |       |       ||    83
       Bite              |     7 |    13 |    31 |     6 ||    57
       Scimitar          |    20 |    94 |   262 |    86 ||   462
       Punch             |       |       |     5 |     2 ||     7
Throw: Dart              |       |    11 |       |     1 ||    12
Invok: Depart the Abyss  |     1 |       |       |       ||     1
       Banish            |       |       |     3 |       ||     3
  Use: Scroll            |     6 |       |    10 |     2 ||    18
       Potion            |     1 |       |       |       ||     1
 Stab: Distracted        |       |     1 |       |       ||     1
Armor: Leather armour    |     4 |       |       |       ||     4
       Ring mail         |    18 |    68 |       |       ||    86
       Scale mail        |       |       |   205 |    99 ||   304
Dodge: Dodged            |    62 |    83 |   183 |    94 ||   422

Table legend: (Time is in decaauts)
 A = Elapsed time spent in this place.
 B = Non-inter-level travel time spent in this place.
 C = Inter-level travel time spent in this place.
 D = Time resting spent in this place.
 E = Time spent auto-exploring this place.
 F = Levels seen in this place.
 G = Mean time per level.
                   A        B        C        D        E       F      G
               +--------+--------+--------+--------+--------+-----+--------+
         Total |   8607 |   8446 |    161 |    933 |   5769 |  11 |  782.5 |
       Dungeon |   8394 |   8233 |    161 |    916 |   5617 |   8 | 1049.2 |
         Abyss |    212 |    212 |      0 |     17 |    152 |   3 |   70.7 |
               +--------+--------+--------+--------+--------+-----+--------+

Top non-repeatable levels by time:
     D:1: 1461 daAuts
     D:7: 1372 daAuts
     D:6: 1262 daAuts
     D:5: 1253 daAuts
     D:2: 940 daAuts
     D:8: 824 daAuts
     D:4: 666 daAuts
     D:3: 614 daAuts
 Abyss:3: 92 daAuts
 Abyss:1: 81 daAuts
 Abyss:2: 39 daAuts
